 Dungeon Crawl Stone Soup version 0.30-a0-339-g89bb51ec76 (webtiles) character file.

Game seed: 2971384524369782740

133 night the Caller (level 5, 0/30 HPs)
             Began as a Kobold Summoner on Oct 31, 2022.
             Slain by a gnoll
             ... wielding a +0 club
              (8 damage)
             ... on level 3 of the Dungeon.
             The game lasted 00:05:19 (2562 turns).

night the Caller (Kobold Summoner)                  Turns: 2562, Time: 00:05:19

Health: 0/30       AC:  3    Str:  5    XL:     5   Next: 39%
Magic:  3/9        EV: 16    Int: 16    God:
Gold:   101        SH:  0    Dex: 18    Spells: 1/10 levels left

rFire   . . .      SeeInvis .    n - +0 rapier
rCold   . . .      Faith    .    (no shield)
rNeg    . . .      Spirit   .    a - +0 robe
rPois   .          Reflect  .    (no helmet)
rElec   .          Harm     .    (no cloak)
rCorr   .          Rampage  .    e - +0 pair of gloves
Will    .....                    (no boots)
Stlth   +++.......               (no amulet)
HPRegen 0.25/turn                (no ring)
MPRegen 0.11/turn                (no ring)

@: no status effects
A: small, no large weapons, nightstalker 3
a: no special abilities


You were on level 3 of the Dungeon.
You visited 1 branch of the dungeon, and saw 3 of its levels.

You collected 101 gold pieces.

Inventory:

Hand Weapons
 d - a +0 dagger
 n - a +0 rapier (weapon)
 o - a +0 falchion
Missiles
 g - 16 stones
 l - a throwing net
Armour
 a - a +0 robe (worn)
 e - a +0 pair of gloves (worn)
Scrolls
 f - 2 scrolls of vulnerability {unknown}
 h - 2 scrolls of identify {unknown}
 j - a scroll of poison {unknown}
 k - a scroll of noise {unknown}
 m - a scroll of teleportation {unknown}
Potions
 b - a potion of magic
 c - a potion of curing {unknown}
 i - a potion of brilliance {unknown}


   Skills:
 + Level 2.0 Fighting
 + Level 2.4 Short Blades
 + Level 3.4 Dodging
 - Level 2.6 Stealth
 + Level 3.0 Spellcasting
 + Level 4.5 Summonings


You had one spell level left.
You knew the following spells:

 Your Spells              Type           Power      Damage    Failure   Level
a - Summon Small Mammal   Summ           68%        N/A       3%          1
b - Call Imp              Summ           17%        N/A       4%          2
c - Call Canine Familiar  Summ           17%        N/A       9%          3
d - Summon Guardian Gole  Hex/Summ       9%         N/A       22%         3

Your spell library contained the following spells:

 Spells                   Type           Power      Damage    Failure   Level
 Summon Lightning Spire   Summ/Air       9%         N/A       58%         4


Dungeon Overview and Level Annotations

Branches:
Dungeon (3/15)

Altars:


Innate Abilities, Weirdness & Mutations

You are small and have problems with some larger weapons.
You are completely attuned to the shadows.


Message History

You swap places.
You see here a +0 halberd.
A bat comes into view.
The bat moves out of view.
A bat is nearby!
A gnoll comes into view. It is wielding a +0 club.
The bat barely misses you.
The gnoll shouts!
You hit the bat.
The bat is moderately wounded.
You hear a shout!
The bat barely misses you.
Your hound bites the bat.
A gnoll comes into view. It is wielding a +0 flail.
You miss the bat.
The bat is severely wounded.
Your guardian golem disappears in a puff of smoke!
The bat hits you.
A gnoll comes into view. It is wielding a +0 spear.
The bat completely misses you.
Your hound barely misses the bat.
The bat closely misses your hound.
Your hound closely misses the bat.
The gnoll misses you.
You hit the bat.
You kill the bat!
Your hound disappears in a puff of smoke!
The gnoll hits you with a +0 club.
You hit the gnoll but do no damage.
The gnoll hits you from afar with a +0 spear.
The gnoll barely misses you. The gnoll hits you with a +0 club.
The gnoll attacks as you move away! The gnoll hits you with a +0 flail!
The gnoll attacks as you move away! The gnoll hits you with a +0 club.
Casting: Call Canine Familiar (quite dangerous; 9% risk of failure)
Confirm with . or Enter, or press ? or * to list all spells.
The gnoll closely misses you.
The gnoll hits you from afar with a +0 spear.
* * * LOW HITPOINT WARNING * * *
The gnoll hits you with a +0 club.
* * * LOW HITPOINT WARNING * * *
Unknown command.
The gnoll attacks as you move away! The gnoll hits you with a +0 club!
You die...

<######'#'#
#.......#.#
#.......#.#
#.......#.#
####...#)#.#########..
.[)'...'.......)@g....
####...#.#.....h.gg...
##...#.#############
#....'.# #...)###
#....# #....# ###.####
.#


You could see 3 gnolls and a friendly hound (summoned).

Vanquished Creatures
  Natasha (D:2)
  A worm (D:2)
  4 orcs
  4 ball pythons
  5 endoplasms
  A giant cockroach (D:1)
  A goblin (D:1)
  6 hobgoblins
  3 kobolds
  2 quokkas (D:3)
  7 bats
  3 frilled lizards
  3 rats
41 creatures vanquished.

Vanquished Creatures (collateral kills)
  A gnoll (D:3)
  3 adders (D:2)
  2 orcs (D:3)
  2 ball pythons
  2 endoplasms
  2 goblins (D:1)
  A hobgoblin (D:2)
  3 kobolds
  2 quokkas (D:1)
  A rat (D:1)
19 creatures vanquished.

Grand Total: 60 creatures vanquished

Notes
Turn   | Place    | Note
-------+----------+-------------------------------------------
     0 | D:1      | night the Kobold Summoner began the quest for the Orb.
     0 | D:1      | Reached XP level 1. HP: 10/10 MP: 3/3
   137 | D:1      | Reached XP level 2. HP: 16/16 MP: 3/5
   208 | D:1      | Reached skill level 1 in Short Blades
   237 | D:1      | Learned a level 2 spell: Call Imp
   359 | D:1      | Reached XP level 3. HP: 20/20 MP: 4/6
   363 | D:1      | Reached skill level 1 in Fighting
   527 | D:1      | Learned a level 3 spell: Call Canine Familiar
  1140 | D:2      | Reached XP level 4. HP: 25/25 MP: 4/8
  1787 | D:2      | Noticed Natasha
  1793 | D:2      | Killed Natasha
  1794 | D:2      | Reached skill level 2 in Short Blades
  1794 | D:2      | Reached XP level 5. HP: 30/30 MP: 5/9
  1798 | D:2      | Learned a level 3 spell: Summon Guardian Golem
  2539 | D:3      | Reached skill level 2 in Fighting
  2562 | D:3      | Slain by a gnoll

Illustrated notes

Levels and vault maps discovered:
D:1:      lemuel_arrival_rhombus, layout_basic
D:2:      layout_loops_corners, corexii_shack, uniq_natasha
D:3:      layout_basic, serial_shops, shop

Skill      XL: |  1  2  3  4  5 |
---------------+----------------+-----
Short Blades   | 1 2 |  2.4
Fighting       | 1 2 |  2.0
Dodging        | 3 |  3.4
Spellcasting   | 3 |  3.0
Stealth        | |  2.6
Summonings     | |  4.5

Action                   |  1- 3 |  4- 6 || total
-------------------------+-------+-------++-------
Melee: Unarmed           |    15 |       ||    15
       Dagger            |    80 |    18 ||    98
       Rapier            |       |    36 ||    36
 Cast: Summon Small Mamm |    15 |     4 ||    19
       Call Imp          |     2 |     6 ||     8
       Call Canine Famil |     1 |     7 ||     8
       Summon Guardian G |       |     2 ||     2
 Stab: Sleeping          |     8 |     9 ||    17
       Distracted        |       |     1 ||     1
Armor: Robe              |    21 |     2 ||    23
Dodge: Dodged            |    82 |    40 ||   122

Table legend: (Time is in decaauts)
 A = Elapsed time spent in this place.
 B = Non-inter-level travel time spent in this place.
 C = Inter-level travel time spent in this place.
 D = Time resting spent in this place.
 E = Time spent auto-exploring this place.
 F = Levels seen in this place.
 G = Mean time per level.
                   A        B        C        D        E       F      G
               +--------+--------+--------+--------+--------+-----+--------+
         Total |   2557 |   2493 |     64 |      9 |   1937 |   3 |  852.3 |
       Dungeon |   2557 |   2493 |     64 |      9 |   1937 |   3 |  852.3 |
               +--------+--------+--------+--------+--------+-----+--------+

Top non-repeatable levels by time:
     D:2: 1268 daAuts
     D:1: 1027 daAuts
     D:3: 261 daAuts
